[Event "1st Cyprus Chess Tournament 2019"]
[Site "Larnaca"]
[Date "2019.11.02"]
[Round "9.9"]
[White "Florentiades, Michalis"]
[Black "Ivanov, Mikhail M"]
[Result "0-1"]
[ECO "D02"]
[WhiteElo "2019"]
[BlackElo "2342"]
[Annotator "NA"]
[PlyCount "80"]
[EventDate "2019.10.25"]
[EventType "swiss"]
[EventCountry "CYP"]
[SourceTitle "playchess.com"]
[Source "ChessBase"]
[SourceQuality "1"]
[TimeControl "5400+30"]

1. d4 d5 2. Bf4 c5 3. e3 Nc6 4. Nf3 Nf6 5. Nbd2 Qb6 6. dxc5 Qxb2 7. Rb1 Qc3 8. Bb5 e6 9. O-O Qxc5 10. c4 a6 11. Nb3 Qa3 12. Bxc6+ bxc6 13. Ne5 Bd6 14. Nxc6 Bxf4 15. exf4 O-O 16. c5 Bd7 17. Ncd4 Rfc8 18. Qc1 Qa4 19. Rb2 Bb5 20. Nxb5 axb5 21. Qe3 Ne4 22. f3 Qa3 23. Rc2 Nd6 24. Qc3 Nc4 25. Re1 Qa7 26. Kh1 Qc7 27. g3 Ra4 28. Ree2 Rca8 29. Qd3 g6 30. Kg2 Na3 31. Rb2 Rc4 32. h4 b4 33. h5 Nb5 34. hxg6 hxg6 35. Rec2 Nc3 36. Nd2 Qxc5 37. Nxc4 dxc4 38. Qd2 Nd5 39. Rc1 c3 40. Qd3 Qe3 0-1

[Event "1st Cyprus Chess Tournament 2019"]
[Site "Larnaca"]
[Date "2019.11.02"]
[Round "9.10"]
[White "Alsan, Ahmet"]
[Black "Isaakidis, Alexandros"]
[Result "0-1"]
[ECO "B34"]
[WhiteElo "1447"]
[BlackElo "2219"]
[Annotator "NA"]
[PlyCount "106"]
[EventDate "2019.10.25"]
[EventType "swiss"]
[EventCountry "CYP"]
[SourceTitle "playchess.com"]
[Source "ChessBase"]
[SourceQuality "1"]
[TimeControl "5400+30"]

1. e4 c5 2. Nf3 g6 3. d4 cxd4 4. Nxd4 Bg7 5. Nc3 Nc6 6. Be3 Nf6 7. Nxc6 bxc6 8. Be2 O-O 9. O-O d5 10. exd5 Nxd5 11. Nxd5 cxd5 12. c3 Rb8 13. Qd2 Qa5 14. a3 d4 15. Bxd4 Bxd4 16. b4 Bxc3 17. Qxc3 Qb6 18. Bf3 Ba6 19. Rfe1 e6 20. h4 Rbc8 21. Qf6 Rc2 22. Bd1 Rd2 23. Re4 Qd8 24. Qxd8 Rfxd8 25. Ba4 Rc8 26. Re3 Kf8 27. Re5 Be2 28. Re1 Bd3 29. Rc5 Rxc5 30. bxc5 Ra2 31. Rc1 Rxa3 32. Bc6 Rb3 33. Kh2 Rb2 34. Rc3 Bf5 35. Ba4 Rb4 36. Bd7 Rb7 37. c6 Rc7 38. Rb3 Be4 39. Rb7 Rxb7 40. cxb7 Bxb7 41. g3 Ke7 42. Ba4 Kd6 43. g4 Bc6 44. Bb3 a5 45. Kg3 a4 46. Ba2 a3 47. Kf4 Bd5 48. Bb1 f6 49. g5 e5+ 50. Ke3 fxg5 51. hxg5 a2 52. Bxa2 Bxa2 53. f4 Bd5 0-1

[Event "1st Cyprus Chess Tournament 2019"]
[Site "Larnaca"]
[Date "2019.11.02"]
[Round "9.11"]
[White "Gerasimenyuk, Mikhail"]
[Black "Cherkasova, Marina"]
[Result "1-0"]
[ECO "A48"]
[WhiteElo "2113"]
[BlackElo "2094"]
[Annotator "NA"]
[PlyCount "73"]
[EventDate "2019.10.25"]
[EventType "swiss"]
[EventCountry "CYP"]
[SourceTitle "playchess.com"]
[Source "ChessBase"]
[SourceQuality "1"]
[TimeControl "5400+30"]

1. d4 Nf6 2. Nf3 g6 3. Bg5 Bg7 4. e3 d6 5. Bd3 Nbd7 6. Nbd2 O-O 7. h4 h6 8. h5 Nxh5 9. g4 Nhf6 10. Bxh6 Nxg4 11. Bxg7 Kxg7 12. Ng5 Ndf6 13. Qf3 Nh6 14. Qf4 Nfg4 15. Ndf3 f6 16. Qe4 Qe8 17. Ne6+ Bxe6 18. Qxe6 Qf7 19. Bc4 Qxe6 20. Bxe6 c6 21. Ke2 Rh8 22. c4 f5 23. Nh4 Kf6 24. d5 g5 25. Nf3 Ne5 26. Nxg5 Kxg5 27. f4+ Kf6 28. fxe5+ dxe5 29. Rh5 Kg6 30. Rah1 Raf8 31. Kd3 e4+ 32. Kd4 Rh7 33. b4 f4 34. Kxe4 f3 35. R5h3 Ng4 36. Bxg4 f2 37. Rxh7 1-0

[Event "1st Cyprus Chess Tournament 2019"]
[Site "Larnaca"]
[Date "2019.11.02"]
[Round "9.12"]
[White "Bukhteeva, Viktoria"]
[Black "Grapsa, Georgia"]
[Result "1-0"]
[ECO "A47"]
[WhiteElo "2110"]
[BlackElo "2026"]
[Annotator "NA"]
[PlyCount "81"]
[EventDate "2019.10.25"]
[EventType "swiss"]
[EventCountry "CYP"]
[SourceTitle "playchess.com"]
[Source "ChessBase"]
[SourceQuality "1"]
[TimeControl "5400+30"]

1. d4 Nf6 2. Bf4 e6 3. e3 b6 4. Nf3 Bb7 5. Bd3 Be7 6. O-O Ne4 7. Nbd2 f5 8. Bxe4 fxe4 9. Ne5 O-O 10. Qg4 Kh8 11. f3 d6 12. Nec4 e5 13. dxe5 d5 14. Na3 Bc8 15. e6 Rf6 16. fxe4 Bxe6 17. Qe2 Qc8 18. Nb5 Na6 19. exd5 Bxd5 20. e4 Bc5+ 21. Be3 Bxe3+ 22. Qxe3 Re6 23. Nd4 Re8 24. Nf5 Be6 25. Nxg7 Kxg7 26. Qg5+ Kh8 27. Qf6+ Kg8 28. Rf3 Qd7 29. Rg3+ Bg4 30. h3 h5 31. hxg4 h4 32. Qg5+ Qg7 33. Qd5+ Kh8 34. Rh3 Qxg4 35. Nf3 Rad8 36. Qc4 Kg7 37. Qxa6 Qxe4 38. Qa3 Rh8 39. Qc3+ Kg6 40. Rf1 Rde8 41. Nxh4+ 1-0